 Dungeon Crawl Stone Soup version 0.26-a0-519-gb2f46ef (webtiles) character file.

Game seed: 12241005033503470624

375 MrTaco21 the Cudgeler (level 6, -3/37 HPs)
             Began as a Gargoyle Fighter on Aug 11, 2020.
             Slain by a thrashing horror (7 damage)
             ... on level 1 of the Abyss.
             The game lasted 00:06:33 (3998 turns).

MrTaco21 the Cudgeler (Gargoyle Fighter)            Turns: 3998, Time: 00:06:34

Health: -3/37      AC: 19    Str: 21    XL:     6   Next: 72%
Magic:  6/6        EV:  7    Int:  9    God:
Gold:   178        SH:  9    Dex:  9    Spells: 5/5 levels left

rFire    . . .     SeeInvis .   a - +0 flail
rCold    . . .     Faith    .   c - +0 kite shield
rNeg     + . .     Spirit   .   s - +4 scale mail
rPois    ∞         Reflect  .   r - +0 hat
rElec    +         Harm     .   (no cloak)
rCorr    .                      (no gloves)
MR       .....                  (no boots)
Stlth    ..........             (no amulet)
HPRegen  0.12/turn              g - +4 ring of protection
MPRegen  0.10/turn              j - ring of wizardry

@: no status effects
A: negative energy resistance 1, electricity resistance, unbreathing,
petrification resistance, rot immunity, AC +4
a: no special abilities


You were on level 1 of the Abyss.
You visited 1 branch of the dungeon, and saw 4 of its levels.
You visited the Abyss 1 time.

You collected 178 gold pieces.

Inventory:

Hand Weapons
 a - a +0 flail (weapon)
Armour
 c - a +0 kite shield (worn)
 r - a +0 hat (worn)
   (You found it on level 3 of the Dungeon)
 s - a +4 scale mail (worn)
   (You took it off an orc on level 3 of the Dungeon)
Jewellery
 g - a +4 ring of protection (left hand)
   (You found it on level 1 of the Dungeon)
 j - a ring of wizardry (right hand)
   (You found it on level 1 of the Dungeon)
Scrolls
 e - 8 scrolls of identify {unknown}
 h - 4 scrolls of remove curse {unknown}
 k - a scroll of fear {unknown}
 m - 2 scrolls of teleportation {unknown}
 n - 2 scrolls of enchant armour {unknown}
 o - 2 scrolls of enchant weapon {unknown}
 q - a scroll of amnesia {unknown}
 t - a scroll of random uselessness {unknown}
Potions
 b - 2 potions of curing {unknown}
 d - a potion of might
 f - a potion of resistance {unknown}
 i - a potion of heal wounds {unknown}
 l - a potion of brilliance {unknown}
 p - a potion of magic {unknown}
 u - a potion of berserk rage {unknown}
 v - a potion of cancellation {unknown}
 w - a potion of flight {unknown}


   Skills:
 - Level 3.2 Fighting
 + Level 7.0 Maces & Flails
 - Level 3.2 Armour
 - Level 3.2 Shields


You had 5 spell levels left.
You didn't know any spells.
Your spell library was empty.

Dungeon Overview and Level Annotations

Branches:
Dungeon (4/15)
 Temple: D:4-7

Altars:
Zin

Annotations:
D:4 1 transporter, waywinkle's ghost, amateur OpWn


Innate Abilities, Weirdness & Mutations

You are resistant to torment.
Your stone body is resilient. (AC +4)
You are immune to poison.
You resist negative energy. (rN+)
You are resistant to electric shocks. (rElec)
You can survive without breathing.
You are immune to petrification.
You are immune to rotting.


Message History

The thrashing horror tramples you but does no damage.
The thrashing horror roars!
The thrashing horror tramples you but does no damage.
The thrashing horror completely misses you.
The thrashing horror barely misses you. x2
The thrashing horror roars!
You block the thrashing horror's attack.
The thrashing horror closely misses you.
The thrashing horror roars!
You block the thrashing horror's attack.
The thrashing horror tramples you but does no damage.
The thrashing horror roars!
You block the thrashing horror's attack.
The thrashing horror tramples you.
* * * LOW HITPOINT WARNING * * *
You stumble backwards!
The thrashing horror roars!
The thrashing horror closely misses you.
The thrashing horror tramples you.
* * * LOW HITPOINT WARNING * * *
You stumble backwards!
The thrashing horror roars!
The thrashing horror barely misses you. x2
The thrashing horror roars!
The thrashing horror tramples you.
* * * LOW HITPOINT WARNING * * *
You stumble backwards!
The thrashing horror roars!
The thrashing horror tramples you but does no damage.
You block the thrashing horror's attack.
The thrashing horror tramples you but does no damage.
The thrashing horror tramples you.
* * * LOW HITPOINT WARNING * * *
You hold your ground!
The thrashing horror completely misses you.
The thrashing horror tramples you but does no damage.
The thrashing horror roars!
You block the thrashing horror's attack.
The thrashing horror tramples you.
* * * LOW HITPOINT WARNING * * *
You stumble backwards!
The thrashing horror roars!
The thrashing horror tramples you but does no damage. x2
The thrashing horror tramples you but does no damage.
You block the thrashing horror's attack.
The thrashing horror barely misses you.
The thrashing horror tramples you but does no damage.
The thrashing horror tramples you but does no damage. x2
The thrashing horror tramples you!
You die...

.#. .# . . #.# . . #.
# ##.... # .#.# #..##
. #.####..# #.#....
#..#...# # ...#.
.....#### . ##..#
#..#...#. ....##.#.
#.@..# .#.###... .
#...##X.#
##..##..#... #.#
#..##.#..####. ##. ..
#..#.#.#.##....#. . .
#.#......#.#..##.....
# ##..##..##.#..#...
######........ ..#
###.#. ..#.##
...#..#####


You could see a thrashing horror.

Vanquished Creatures
  A hound (D:4)
  2 orc wizards
  A gnoll shaman (D:4)
  An iguana (D:4)
  A worker ant (D:4)
  4 gnolls (D:4)
  5 adders
  2 oozes
  An adder skeleton (D:4)
  A worm (D:3)
  10 dart slugs
  A leopard gecko (D:1)
  10 orcs
  5 bats
  7 giant cockroaches
  10 hobgoblins
  6 jackals (D:4)
  5 kobolds
  5 frilled lizards
  8 goblins
  9 rats
95 creatures vanquished.

Vanquished Creatures (others)
  6 plants (D:4)
6 creatures vanquished.

Grand Total: 101 creatures vanquished

Notes
Turn   | Place    | Note
-------+----------+-------------------------------------------
     0 | D:1      | MrTaco21 the Gargoyle Fighter began the quest for the Orb.
     0 | D:1      | Reached XP level 1. HP: 14/14 MP: 1/1
     6 | D:1      | You fall into a shaft and drop 1 floor!
   100 | D:1      | Reached XP level 2. HP: 8/19 MP: 2/2
   345 | D:1      | Reached skill level 3 in Maces & Flails
   591 | D:1      | Reached XP level 3. HP: 23/23 MP: 3/3
  1369 | D:2      | Reached skill level 4 in Maces & Flails
  1909 | D:3      | Reached XP level 4. HP: 28/28 MP: 4/4
  2112 | D:3      | Reached skill level 5 in Maces & Flails
  2112 | D:3      | Reached XP level 5. HP: 32/32 MP: 5/5
  2501 | D:3      | Found a glowing silver altar of Zin.
  2940 | D:4      | Reached skill level 6 in Maces & Flails
  3094 | D:4      | Reached XP level 6. HP: 16/37 MP: 6/6
  3427 | D:4      | Noticed waywinkle's ghost (amateur OpWn)
  3509 | D:4      | Found a transporter.
  3509 | D:4      | Found a transporter.
  3944 | D:4      | Reached skill level 7 in Maces & Flails
  3945 | D:4      | Cast into level 1 of the Abyss (gnoll sergeant)
  3967 | Abyss:1  | Noticed a thrashing horror
  3998 | Abyss:1  | Slain by a thrashing horror

Illustrated notes

Levels and vault maps discovered:
D:1:      dpeg_arrival_solitude, layout_basic
D:2:      layout_basic
D:3:      kennysheep_slugbush, layout_loops_cross, lemuel_doored_altar
D:4:      layout_loops_ring, gammafunk_ghost_gnarly_gnolls
Abyss:1:  base:
D:3

Skill      XL: |  1  2  3  4  5  6 |
---------------+-------------------+-----
Maces & Flails | 3 4 5 6 7 |  7.0
Fighting       | |  3.2
Armour         | |  3.2
Shields        | |  3.2

Action                   |  1- 3 |  4- 6 || total
-------------------------+-------+-------++-------
Melee: Flail             |   161 |   240 ||   401
Armor: Scale mail        |    35 |   106 ||   141
       Chain mail        |    40 |    54 ||    94
Dodge: Dodged            |    44 |    74 ||   118
Block: Kite shield       |    80 |   150 ||   230

Table legend: (Time is in decaauts)
 A = Elapsed time spent in this place.
 B = Non-inter-level travel time spent in this place.
 C = Inter-level travel time spent in this place.
 D = Time resting spent in this place.
 E = Time spent auto-exploring this place.
 F = Levels seen in this place.
 G = Mean time per level.
                   A        B        C        D        E       F      G
               +--------+--------+--------+--------+--------+-----+--------+
         Total |   4111 |   3810 |    301 |    403 |   2454 |   5 |  822.2 |
       Dungeon |   4058 |   3757 |    301 |    399 |   2454 |   4 | 1014.5 |
         Abyss |     53 |     53 |      0 |      4 |      0 |   1 |   53.0 |
               +--------+--------+--------+--------+--------+-----+--------+

Top non-repeatable levels by time:
     D:4: 1191 daAuts
     D:1: 1064 daAuts
     D:2: 959 daAuts
     D:3: 843 daAuts
 Abyss:1: 53 daAuts
